 Dungeon Crawl Stone Soup version 0.28.0 (webtiles) character file.

Game seed: 16573755990461823499

39 AmazingTV the Covered (level 3, -1/28 (33) HPs)
             Began as a Minotaur Fighter on June 21, 2022.
             Slain by a wight (5 damage)
             ... on level 3 of the Dungeon.
             The game lasted 00:04:50 (1854 turns).

AmazingTV the Covered (Minotaur Fighter)            Turns: 1854, Time: 00:04:51

HP:   -1/28 (33)    AC:  7    Str: 20    XL:     3   Next: 26%
MP:   2/2           EV:  9    Int:  5    God:
Gold: 56            SH:  4    Dex: 11    Spells: 2/2 levels left

rFire   . . .      SeeInvis .   a - +0 war axe
rCold   . . .      Faith    .   c - +0 buckler
rNeg    . . .      Spirit   .   e - +0 scale mail
rPois   .          Reflect  .   (helmet restricted)
rElec   .          Harm     .   (no cloak)
rCorr   .          Rampage  .   (no gloves)
Will    .....                   (no boots)
Stlth   ..........              (no amulet)
HPRegen 0.09/turn               (no ring)
MPRegen 0.08/turn               (no ring)

@: heavily drained
A: horns 2, retaliatory headbutt
a: no special abilities


You were on level 3 of the Dungeon.
You visited 1 branch of the dungeon, and saw 3 of its levels.

You collected 56 gold pieces.

Inventory:

Hand Weapons
 a - a +0 war axe (weapon)
 b - a +0 mace
Missiles
 i - 58 bolts
Armour
 c - a +0 buckler (worn)
 e - a +0 scale mail (worn)
 k - an orb of wrath
Scrolls
 f - 2 scrolls of noise {unknown}
 l - a scroll of identify {unknown}
 m - a scroll of enchant weapon {unknown}
 n - 3 scrolls of teleportation {unknown}
Potions
 d - a potion of might
 g - a potion of resistance {unknown}
 h - a potion of flight {unknown}
 j - 2 potions of berserk rage {unknown}


   Skills:
 + Level 3.9 Fighting
 * Level 3.3 Axes
 * Level 4.1 Armour
 + Level 3.9 Shields
 + Level 0.9 Invocations


You had 2 spell levels left.
You didn't know any spells.
Your spell library contained the following spells:

 Spells                   Type           Power      Damage    Failure   Level
 Sting                    Tmut/Pois      0%         1d3       89%         1
 Poisonous Vapours        Pois/Air       0%         N/A       96%         2
 Olgreb's Toxic Radiance  Pois           0%         N/A       100%        4


Dungeon Overview and Level Annotations

Branches:
Dungeon (3/15)

Altars:
Fedhas

Shops:
D:1 *

Annotations:
D:3 Natasha


Innate Abilities, Weirdness & Mutations

You have a pair of horns on your head.
You reflexively headbutt those who attack you in melee.


Message History

You kill the rat!
Found a stone staircase leading up.
Found an escape hatch in the ceiling.
A wight comes into view. It is wielding a +4 falchion.
The wight barely misses you.
You hit the wight but do no damage. Your headbutt misses the wight.
The wight hits you with a +4 falchion!
You feel drained.
You barely miss the wight. You block the wight's attack.
The wight hits you with a +4 falchion!
You feel drained.
You hit the wight but do no damage. The wight hits you with a +4 falchion!
* * * LOW HITPOINT WARNING * * *
There is a stone staircase leading up here.
The wight hits you with a +4 falchion.
* * * LOW HITPOINT WARNING * * *
You feel drained.
* * * LOW HITPOINT WARNING * * *
There is a stone staircase leading up here.
There is a stone staircase leading up here.
There is a stone staircase leading up here.
You can't go down here!
You climb upwards.
There is a stone staircase leading down here.
You start resting.
HP restored.
You see here a +0 dagger.
There is a stone staircase leading down here.
You climb downwards.
There is a stone staircase leading up here.
A wight comes into view. It is wielding a +0 spear.
Natasha and a wight come into view.
Natasha hisses angrily.
The wight hits you but does no damage.
You hit the wight but do no damage. You closely miss the wight.
You block the wight's attack. The wight hits you with a +5 falchion!
You feel drained. Natasha casts a spell at you. The magic dart hits you.
The wight hits you with a +0 spear.
* * * LOW HITPOINT WARNING * * *
The wight hits you with a +5 falchion.
You die...

### ...
#######.######.
.......zz......
#######@########
...............#
......#.######.#
.#..h.#.#...<..#
#... #.#####..#
#... #<.......#
#.. #.######.#
#..#.#.. #.# #.#
#..#.# ### #.#


You could see 2 wights and Natasha.

Vanquished Creatures
  2 bats (D:1)
  An endoplasm (D:1)
  2 giant cockroaches (D:2)
  4 hobgoblins
  6 jackals (D:2)
  4 quokkas (D:2)
  4 ball pythons (D:2)
  A frilled lizard (D:2)
  7 kobolds
  5 rats
36 creatures vanquished.

Notes
Turn   | Place    | Note
-------+----------+-------------------------------------------
     0 | D:1      | AmazingTV the Minotaur Fighter began the quest for the Orb.
     0 | D:1      | Reached XP level 1. HP: 19/19 MP: 0/0
   475 | D:1      | Found a faded altar of an unknown god.
   536 | D:1      | Reached XP level 2. HP: 27/27 MP: 1/1
   758 | D:1      | Found Comiomey's General Store.
  1029 | D:2      | Reached skill level 4 in Armour
  1121 | D:2      | Found a blossoming altar of Fedhas.
  1152 | D:2      | Reached XP level 3. HP: 33/33 MP: 2/2
  1853 | D:3      | Noticed Natasha
  1854 | D:3      | Slain by a wight

Illustrated notes

Levels and vault maps discovered:
D:1:      ncdulo_watergridlock, layout_loops_corners, serial_shops,
          nicolae_shop_waterfront, chequers_ecumenical_altar_simple
D:2:      layout_rooms, basic_altar
D:3:      layout_basic, gammafunk_ghost_mausoleum, uniq_sigmund, uniq_natasha

Skill      XL: |  1  2 |
---------------+-------+-----
Axes           | 3 |  3.3
Armour         | 4 |  4.1
Fighting       | |  3.9
Shields        | |  3.9
Invocations    | |  0.9

Action                   || total
-------------------------++-------
Melee: War axe           ||    69
       Headbutt          ||     8
Armor: Scale mail        ||    23
Dodge: Dodged            ||    35
Block: Buckler           ||    14
